 Dungeon Crawl Stone Soup version 0.21.1-1-g345015f (webtiles) character file.

2158 Fang the Chopper (level 9, -3/56 HPs)
             Began as a Gargoyle Berserker on June 6, 2018.
             Was a High Priest of Trog.
             Killed from afar by Dowan (11 damage)
             ... with a puff of flame
             ... on level 6 of the Dungeon.
             The game lasted 00:10:12 (5486 turns).

Fang the Chopper (Gargoyle Berserker)               Turns: 5486, Time: 00:10:12

Health: -3/56      AC:  9    Str: 24    XL:     9   Next: 31%
Magic:  9/9        EV: 14    Int:  8    God:    Trog [*****.]
Gold:   299        SH:  0    Dex: 11    Spells: 8/8 levels left

rFire    . . .     SeeInvis .   r - +0 hand axe (venom)
rCold    + . .     Gourm    .   (no shield)
rNeg     + . .     Faith    .   j - +1 robe {rC+}
rPois    ∞         Spirit   .   (no helmet)
rElec    +         Reflect  .   (no cloak)
rCorr    .         Harm     .   (no gloves)
MR       .....                  (no boots)
Stlth    +++.......             (no amulet)
HPRegen  0.18/turn              m - +2 ring of dexterity
MPRegen  0.11/turn              (no ring)

@: no status effects
A: negative energy resistance 1, electricity resistance, unbreathing,
petrification resistance, rot immunity, AC +6
a: Berserk, Trog's Hand, Brothers in Arms, Burn Spellbooks, Renounce Religion


You were on level 6 of the Dungeon.
You worshipped Trog.
Trog was extremely pleased with you.
You were very hungry.

You visited 1 branch of the dungeon, and saw 6 of its levels.
You also visited: Sewer.

You collected 299 gold pieces.

Inventory:

Hand Weapons
 a - a +0 hand axe
 r - a +0 hand axe of venom (weapon)
Armour
 b - a +1 animal skin
 j - a +1 robe of cold resistance (worn)
Jewellery
 m - a +2 ring of dexterity (left hand)
Scrolls
 d - 2 scrolls of magic mapping
 e - a scroll of blinking
 f - 7 scrolls of identify
 g - 2 scrolls of enchant armour
 h - 2 scrolls of fog
 n - a scroll of remove curse
Potions
 i - 2 potions of curing
 k - 2 potions of agility
 l - a potion of flight
 o - 3 potions of degeneration {unknown}
 p - 3 potions of lignification
 s - 2 potions of brilliance
Comestibles
 c - 9 rations


   Skills:
 + Level 6.5 Fighting
 + Level 7.9 Axes
 + Level 2.4 Armour
 + Level 5.0 Dodging
 + Level 4.8 Stealth


You had 8 spell levels left.
You didn't know any spells.

Dungeon Overview and Level Annotations

Branches:
Dungeon (6/15)             Temple (0/1) D:4

Altars:
Ashenzari
Cheibriados
Elyvilon
Kikubaaqudgha
Makhleb
Trog

Shops:
D:4 =}

Annotations:
D:6 Dowan, Duvessa


Innate Abilities, Weirdness & Mutations

You are resistant to torment.
Your stone body is resilient. (AC +6)
You are immune to poison.
You resist negative energy. (rN+)
You are resistant to electric shocks. (rElec)
You can survive without breathing.
You are immune to petrification.
You are immune to rotting.


Message History

You enter the shallow water.
Moving in this stuff is going to be slow.
The centaur shoots an arrow.
The arrow hits you!
* * * LOW HITPOINT WARNING * * *
You hear a splash.
The centaur shoots an arrow.
The arrow hits you!
* * * LOW HITPOINT WARNING * * *
You hear a splash.
You see here 2 arrows.
You feel better.
The centaur shoots an arrow.
The arrow hits you!
* * * LOW HITPOINT WARNING * * *
You hear a splash.
The centaur shoots an arrow.
The arrow completely misses you.
You hear a splash.
Dowan, Brother of Duvessa comes into view.
He is wielding a dagger of venom.
Dowan shouts!
The centaur shoots an arrow.
The arrow closely misses you. Dowan gestures at you while chanting.
The puff of flame hits you!
You die...

##...#.≈≈.≈≈..c....
##.....≈≈≈≈≈≈#.....#
#....≈≈≈≈≈≈≈≈#≈≈...# ##.
....#≈≈≈≈≈≈≈≈≈≈≈≈..#.#..
....≈≈≈≈≈≈≈≈≈≈##≈..#...#
...≈≈≈≈≈≈≈≈≈≈≈≈≈#≈...e#
..≈#≈≈≈≈##≈≈≈≈≈≈≈≈§.#
..≈≈≈≈.≈≈...≈).[§§≈##
...≈≈....[<(..@)(≈c.#.##
..≈≈≈..)≈⌠..≈≈((≈≈≈.....
..≈≈≈≈#≈≈≈≈(≈≈.≈(≈≈..##.
.#.≈≈≈≈≈≈≈≈#≈≈≈≈≈≈e#....
#..≈≈≈≈#≈≈≈≈#≈≈≈.....##
#.#≈≈≈≈≈≈≈≈≈≈≈≈≈.....#
#.##≈≈≈#≈≈≈≈≈≈≈......# #
##.≈#≈≈≈≈≈.#......#
...≈≈.≈≈.#.......#


You could see Duvessa and a centaur.

Vanquished Creatures
  Pikel (D:6)
  The ghost of popopop1279 the Slasher, an amateur FoFi (D:3)
  3 slaves
  A phantom (D:5)
  5 ogres
  A centaur (D:5)
  A bullfrog (Sewer)
  A scorpion (D:4)
  2 electric eels (D:6)
  A bullfrog skeleton (D:4)
  2 hounds (D:5)
  3 orc priests
  A jelly (D:5)
  6 orc wizards (D:5)
  A worker ant (D:5)
  10 adders
  A river rat (D:3)
  8 oozes (Sewer)
  4 worms
  12 dart slugs
  9 leopard geckos
  19 orcs
  8 bats
  17 giant cockroaches
  9 goblins
  7 hobgoblins
  7 jackals
  3 quokkas
  12 ball pythons
  11 frilled lizards
  8 kobolds
  A leopard gecko skeleton (D:3)
  8 rats
184 creatures vanquished.

Vanquished Creatures (others)
  A slave (D:6)
1 creature vanquished.

Grand Total: 185 creatures vanquished

Notes
Turn   | Place    | Note
-------+----------+-------------------------------------------
     0 | D:1      | Fang the Gargoyle Berserker began the quest for the Orb.
     0 | D:1      | Reached XP level 1. HP: 14/14 MP: 1/1
   124 | D:1      | Reached XP level 2. HP: 19/19 MP: 2/2
   291 | D:1      | Reached skill level 3 in Axes
   492 | D:2      | Reached XP level 3. HP: 17/24 MP: 3/3
   667 | D:2      | Reached ** piety under Trog
  1086 | D:2      | Reached XP level 4. HP: 29/29 MP: 4/4
  1323 | D:3      | Noticed popopop1279's ghost (amateur FoFi)
  1423 | D:3      | Killed popopop1279's ghost
  1423 | D:3      | Reached skill level 4 in Axes
  1423 | D:3      | Reached skill level 1 in Stealth
  1423 | D:3      | Reached XP level 5. HP: 34/34 MP: 5/5
  1423 | D:3      | Reached XP level 6. HP: 39/39 MP: 6/6
  1703 | D:3      | Reached skill level 5 in Axes
  1705 | D:3      | Reached *** piety under Trog
  1725 | D:3      | Found a white marble altar of Elyvilon.
  1772 | D:3      | Found a glowing drain.
  1796 | Sewer    | Entered a sewer
  2309 | Sewer    | Reached **** piety under Trog
  2313 | Sewer    | Reached XP level 7. HP: 33/44 MP: 7/7
  2855 | D:3      | Reached skill level 5 in Fighting
  3247 | D:4      | Found a snail-covered altar of Cheibriados.
  3284 | D:4      | Found Zetoc's Gadget Emporium.
  3359 | D:4      | Found Miniosy's Jewellery Boutique.
  3703 | D:4      | Found a staircase to the Ecumenical Temple.
  3831 | D:5      | Entered Level 5 of the Dungeon
  3841 | D:5      | Reached skill level 6 in Axes
  3962 | D:5      | Reached XP level 8. HP: 50/50 MP: 8/8
  4448 | D:5      | Reached ***** piety under Trog
  4579 | D:5      | Found a faded altar of an unknown god.
  4579 | D:5      | Found an ancient bone altar of Kikubaaqudgha.
  4584 | D:5      | Found a bloodstained altar of Trog.
  4587 | D:5      | Found a shattered altar of Ashenzari.
  4589 | D:5      | Found a burning altar of Makhleb.
  4959 | D:6      | Noticed Pikel
  5004 | D:6      | Reached skill level 7 in Axes
  5008 | D:6      | Received a gift from Trog
  5013 | D:6      | Killed Pikel
  5013 | D:6      | Reached XP level 9. HP: 56/56 MP: 9/9
  5270 | D:5      | Reached skill level 5 in Dodging
  5480 | D:6      | Noticed Duvessa
  5485 | D:6      | Noticed Dowan
  5486 | D:6      | Killed from afar by Dowan

Skill      XL: |  1  2  3  4  5  6  7  8  9 |
---------------+----------------------------+-----
Axes           | 3 4 5 6 7 |  7.9
Fighting       | 4 5 6 |  6.5
Dodging        | 2 3 4 5 |  5.0
Stealth        | 1 3 4 |  4.8
Armour         | |  2.4

Action                   |  1- 3 |  4- 6 |  7- 9 || total
-------------------------+-------+-------+-------++-------
Melee: Hand axe          |   142 |   207 |   247 ||   596
Invok: Berserk           |       |     3 |     4 ||     7
  Use: Scroll            |       |    12 |     2 ||    14
       Potion            |       |       |     1 ||     1
 Stab: Sleeping          |     1 |       |     4 ||     5
  Eat: Chunk             |       |     8 |     6 ||    14
       Ration            |       |       |     2 ||     2
Armor: Animal skin       |    59 |    94 |    85 ||   238
       Robe              |       |       |     1 ||     1
Dodge: Dodged            |   111 |   173 |   176 ||   460
